 Dungeon Crawl Stone Soup version 0.32-a0-859-gb0a091d (webtiles) character file.

Game seed: 17088903231391107472

1025 skewfiend the Summoner (level 8, -5/63 HPs)
             Began as a Deep Elf Summoner on Mar 16, 2024.
             Engulfed by a cloud of flame (12 damage)
             ... on level 6 of the Dungeon on Mar 27, 2024.
             The game lasted 00:33:24 (5188 turns).

skewfiend the Summoner (Deep Elf Summoner)          Turns: 5188, Time: 00:33:24

Health: -5/63      AC: 28    Str:  5    XL:     8   Next: 2%
Magic:  16/21      EV:  2    Int: 23    God:
Gold:   209        SH:  0    Dex: 15    Spells: 8/22 levels left

rFire   + . .        o - +2 whip (venom)
rCold   + . .        (no shield)
rNeg    . . .        a - melded +0 robe
rPois   +            (helmet currently unavailable)
rElec   +            (cloak currently unavailable)
rCorr   +            (gloves currently unavailable)
SInv    .            (boots currently unavailable)
Will    .....        (no amulet)
Stlth   ++           i - +4 ring of protection
HPRegen 0.30/turn    (no ring)
MPRegen 0.17/turn

%: no passive effects
@: lethally poisoned (-5 -> -8), tree-form, resistant, invisible
A: stationary, stasis, torment immunity, boosted hp
a: no special abilities


You were on level 6 of the Dungeon.
You were a tree.
You visited 2 branches of the dungeon, and saw 7 of its levels.
You also visited: Ossuary.

You collected 373 gold pieces.
You spent 164 gold pieces at shops.

Inventory:

Hand Weapons
 o - a +2 whip of venom (weapon)
 s - a +2 heavy hand axe
 t - a +4 vampiric short sword
 J - the +5 quarterstaff of Feupnel {protect, rF+ Int+4 Dex+4}
   (You found it on level 6 of the Dungeon)

   Int+4:     It affects your intelligence (+4).
   Dex+4:     It affects your dexterity (+4).
   rF+:       It protects you from fire.
Missiles
 c - 77 stones
 d - 4 curare-tipped darts
 x - 6 poisoned darts
 y - 3 throwing nets
 E - 2 boomerangs
Armour
 a - a +0 robe (melded)
 h - a +0 leather armour
 r - a +3 chain mail
Jewellery
 i - a +4 ring of protection (left branch)
Wands
 C - a wand of flame (7)
 H - a wand of roots (3)
 K - a wand of light (5)
Scrolls
 e - a scroll of fog
 k - 2 scrolls of amnesia
 l - a scroll of vulnerability
 m - a scroll of enchant weapon
 n - a scroll of acquirement {unknown}
 u - a scroll of revelation
 v - 3 scrolls of blinking
 w - 3 scrolls of poison
 B - 2 scrolls of teleportation {unknown}
 D - a scroll of torment {unknown}
Potions
 b - 3 potions of magic
 f - a potion of mutation {unknown}
 g - 2 potions of attraction
 p - 3 potions of cancellation
 q - 2 potions of might
 A - a potion of haste
 I - a potion of enlightenment {unknown}


   Skills:
 + Level 0.6 Fighting
 - Level 2.4 Dodging
 - Level 2.4 Stealth
 + Level 7.7 Spellcasting
 * Level 8.6 Summonings
 * Level 3.1 Fire Magic


You had 8 spell levels left.
You knew the following spells:

 Your Spells              Type           Power      Damage    Failure   Level
a - Summon Small Mammal   Summ           100%       N/A       1%          1
b - Call Imp              Summ           96%        N/A       1%          2
c - Call Canine Familiar  Summ           48%        N/A       1%          3
d - Summon Blazeheart Go  Fire/Summ      35%        N/A       6%          4
e - Summon Lightning Spi  Summ/Air       28%        N/A       12%         4

Your spell library contained the following spells:

 Spells                   Type           Power      Damage    Failure   Level
 Magic Dart               Conj           32%        1d4       7%          1
 Blink                    Tloc           16%        N/A       11%         2


Dungeon Overview and Level Annotations

Branches:
Dungeon (6/15)             Temple (1/1) D:4         Ossuary (visited)

Altars:
Ashenzari
Cheibriados
Dithmenos
Elyvilon
Fedhas
Makhleb
Nemelex Xobeh
Okawaru
Ru
Trog
Wu Jian
Zin

Shops:
D:3 ?


Message History

The water moccasin is heavily wounded.
You feel very sick.
The water moccasin bites you but does no damage.
Your blazeheart golem punches the water moccasin.
The water moccasin bites you but does no damage.
Unknown command.
Casting: Summon Blazeheart Golem (dangerous; 8% risk of failure)
Confirm with . or Enter, or press ? or * to list all spells.
A tiny devil pulls itself out of the air.
You feel very sick. The water moccasin barely misses you.
Unknown command.
You feel much better.
You feel very sick.
The water moccasin bites you but does no damage.
Your blazeheart golem punches the water moccasin!!
The water moccasin dies!
Your blazeheart golem falls apart, revealing its core!
Your Fire Magic skill increases to level 3!
You have reached level 8!
You feel clever.
A blazeheart core is nearby!
You feel sick.
Your blazeheart core explodes!
The fiery explosion engulfs you!
You hear a shout! x2
Unknown command.
You cannot move.
You are engulfed in blazing flames.
* * * LOW HITPOINT WARNING * * *
You feel sick.
You hear a shout!
Unknown command.
It was a potion of invisibility.
You fade into invisibility!
You feel sick.
It was a potion of resistance.
You feel protected. You resist.
You die...

..... #.# #....# .ß$..
###.######...#.
..h..###..............
...ß.......##.......#.
o.h...##.#.###....####
....#.##..............
...##○...#......#...#.
#########○°..........#.....
#...<...°°♣##.....#.##.#.#.
#.###÷####5....#.#...#.....
#.# #.##........#..#..
#.###.# #.##....#........#
#.....####.....#####......#
###.##.............†..#....
#...>....#.#........####.
####.##..#.###.#.#### #
#.##..........#


You could see a friendly cerulean imp (summoned).

Vanquished Creatures
  A hound (D:5)
  A sleepcap (D:6)
  A hound zombie (Ossuary)
  4 adders
  An adder zombie (Ossuary)
  A dart slug (D:5)
  A ball python (D:2)
  A goblin (D:3)
  A hobgoblin (D:3)
  A jackal (D:1)
  A kobold (D:2)
  A quokka (D:3)
  3 bats
  2 hobgoblin zombies (Ossuary)
  A rat zombie (Ossuary)
21 creatures vanquished.

Vanquished Creatures (collateral kills)
  A water moccasin (D:6)
  An orc warrior (D:5)
  A bullfrog (D:5)
  A scorpion (D:4)
  2 bombardier beetles
  4 jellies
  2 hounds
  3 iguanas
  2 orc wizards (D:4)
  A hound zombie (Ossuary)
  4 mummies (Ossuary)
  4 adders
  3 shadow imps
  2 white imps
  10 orcs
  6 ball pythons
  6 endoplasms
  3 giant cockroaches
  5 goblins
  7 hobgoblins
  4 jackals
  A quokka (D:1)
  4 bats
  3 frilled lizards
  A goblin zombie (Ossuary)
  A hobgoblin zombie (Ossuary)
  A jackal zombie (Ossuary)
  6 kobolds
  2 orc zombies (Ossuary)
  7 rats
  A rat zombie (Ossuary)
99 creatures vanquished.

Vanquished Creatures (others)
  4 blazeheart cores
4 creatures vanquished.

Grand Total: 124 creatures vanquished

Notes
Turn   | Place    | Note
-------+----------+-------------------------------------------
     0 | D:1      | skewfiend the Deep Elf Summoner began the quest for the
                  | Orb.
     0 | D:1      | Reached XP level 1. HP: 10/10 MP: 6/6
   324 | D:1      | Reached XP level 2. HP: 15/15 MP: 4/8
   344 | D:1      | Reached skill level 5 in Summonings
   522 | D:1      | Learned a level 2 spell: Call Imp
   738 | D:1      | Reached XP level 3. HP: 19/19 MP: 9/9
   743 | D:1      | Upgraded the game from 0.32-a0-738-g1a05c61 to
                  | 0.32-a0-779-g362cfca
  1265 | D:2      | Learned a level 3 spell: Call Canine Familiar
  1416 | D:2      | Found a faded altar of an unknown god.
  1946 | D:3      | Found Soisi's Magic Scroll Emporium.
  1960 | D:3      | Reached XP level 4. HP: 24/24 MP: 4/11
  2067 | D:3      | Upgraded the game from 0.32-a0-779-g362cfca to
                  | 0.32-a0-791-gfc315c9
  2067 | D:3      | Bought a scroll of revelation for 82 gold pieces
  2102 | D:3      | Bought a scroll of blinking for 82 gold pieces
  2258 | D:3      | Found a sacrificial altar of Ru.
  2348 | D:3      | Reached skill level 6 in Summonings
  2448 | D:3      | Found a snail-covered altar of Cheibriados.
  2460 | D:3      | Reached XP level 5. HP: 28/28 MP: 9/14
  2736 | D:4      | Learned a level 4 spell: Summon Blazeheart Golem
  2736 | D:4      | Upgraded the game from 0.32-a0-791-gfc315c9 to
                  | 0.32-a0-816-g4c8b870
  2736 | D:4      | Upgraded the game from 0.32-a0-816-g4c8b870 to
                  | 0.32-a0-818-gb728d02
  2773 | D:4      | Reached skill level 5 in Spellcasting
  2824 | D:4      | Upgraded the game from 0.32-a0-818-gb728d02 to
                  | 0.32-a0-841-g4648e6c
  2824 | D:4      | Upgraded the game from 0.32-a0-841-g4648e6c to
                  | 0.32-a0-859-gb0a091d
  2875 | D:4      | Found a staircase to the Ecumenical Temple.
  2951 | Temple   | Entered the Ecumenical Temple
  3121 | D:4      | Reached XP level 6. HP: 27/32 MP: 8/16
  3126 | D:4      | Learned a level 4 spell: Summon Lightning Spire
  3241 | D:4      | Reached skill level 1 in Fire Magic
  3351 | D:4      | Reached skill level 7 in Summonings
  3512 | D:5      | Entered Level 5 of the Dungeon
  3783 | D:5      | Found a sand-covered staircase.
  3790 | Ossuary  | Entered an ossuary
  3812 | Ossuary  | Reached XP level 7. HP: 37/37 MP: 4/18
  4422 | D:5      | Reached skill level 8 in Summonings
  4588 | D:5      | Found a bloodstained altar of Trog.
  4940 | D:6      | Identified the +5 quarterstaff of Feupnel {protect, rF+
                  | Int+4 Dex+4}
  5185 | D:6      | Reached XP level 8. HP: 42/42 MP: 15/21
  5188 | D:6      | Engulfed by a cloud of flame

Illustrated notes

Levels and vault maps discovered:
D:1:      scummos_arrival_star, layout_loops_ring, minmay_pentomino_w4
D:2:      layout_basic, hellmonk_ecumenical_altar_crossroads,
          guppyfry_early_lair_pool
D:3:      layout_rooms, chei_slow_surprise, nicolae_ru_the_path_less_chosen,
          serial_shops, shop
D:4:      layout_rooms, minmay_temple_entry_statues_fountains
D:5:      layout_loops_ring, marbit_many_paths, enter_ossuary_2
D:6:      layout_loops_cross, overflow_temple_1_default, grunt_ministairs_10,
          hangedman_decor_lopped
Temple:   hellmonk_temple_forest_ring

Skill      XL: |  1  2  3  4  5  6  7 |
---------------+----------------------+-----
Summonings     | 5 6 7 8 |  8.6
Spellcasting   | 4 5 6 7 |  7.7
Fire Magic     | 2 3 |  3.1
Fighting       | |  0.6
Dodging        | |  2.4
Stealth        | |  2.4

Action                     |  1- 3 |  4- 6 |  7- 9 || total
---------------------------+-------+-------+-------++-------
  Melee: Unarmed           |     4 |       |       ||     4
         Club              |    19 |       |       ||    19
         Whip              |     8 |    33 |    35 ||    76
         Mace              |     1 |       |       ||     1
   Cast: Summon Small Mamm |    54 |    34 |    13 ||   101
         Call Imp          |    16 |    21 |    11 ||    48
         Call Canine Famil |     2 |     7 |     7 ||    16
         Summon Blazeheart |       |     2 |     3 ||     5
    Use: Scroll            |     1 |     6 |     2 ||     9
         Potion            |     1 |     2 |     5 ||     8
   Stab: Sleeping          |     1 |       |       ||     1
         Distracted        |     2 |     1 |       ||     3
 Armour: Robe              |    27 |    39 |    25 ||    91
         Skin              |       |       |     8 ||     8
  Dodge: Dodged            |    41 |    37 |    25 ||   103

Table legend: (Time is in decaauts)
 A = Elapsed time spent in this place.
 B = Non-inter-level travel time spent in this place.
 C = Inter-level travel time spent in this place.
 D = Time resting spent in this place.
 E = Time spent auto-exploring this place.
 F = Levels seen in this place.
 G = Mean time per level.
                   A        B        C        D        E       F      G
               +--------+--------+--------+--------+--------+-----+--------+
         Total |   5198 |   5018 |    180 |    145 |   3639 |   8 |  649.8 |
       Dungeon |   4904 |   4724 |    180 |    145 |   3412 |   6 |  817.3 |
        Temple |      1 |      1 |      0 |      0 |      0 |   1 |    1.0 |
       Ossuary |    291 |    291 |      0 |      0 |    227 |   1 |  291.0 |
               +--------+--------+--------+--------+--------+-----+--------+

Top non-repeatable levels by time:
     D:1: 1204 daAuts
     D:5: 1062 daAuts
     D:4: 834 daAuts
     D:3: 803 daAuts
     D:2: 675 daAuts
     D:6: 324 daAuts
 Ossuary: 291 daAuts
  Temple: 1 daAuts
